 Dungeon Crawl Stone Soup version 0.29.1-1-gd02db6906a (webtiles) character file.

Game seed: 469670955616067458

38 cdecastro the Ruffian (level 3, -7/31 HPs)
             Began as a Ghoul Monk on Oct 19, 2022.
             Mangled by Terence
             ... wielding a +2 flail of protection
              (14 damage)
             ... on level 2 of the Dungeon.
             The game lasted 00:01:04 (675 turns).

cdecastro the Ruffian (Ghoul Monk)                   Turns: 675, Time: 00:01:04

Health: -7/31      AC:  2    Str: 16    XL:     3   Next: 43%
Magic:  2/2        EV: 12    Int:  5    God:
Gold:   55         SH:  0    Dex: 11    Spells: 2/2 levels left

rFire   . . .      SeeInvis .     - Unarmed
rCold   + . .      Faith    .   (no shield)
rNeg    + + +      Spirit   .   a - +0 robe
rPois   ∞          Reflect  .   (no helmet)
rElec   .          Harm     .   (no cloak)
rCorr   .          Rampage  .   (no gloves)
Will    .....                   (no boots)
Stlth   ++........              (no amulet)
HPRegen 0.00/turn               (no ring)
MPRegen 0.08/turn               (no ring)

@: inhibited regen
A: claws 1, cold resistance 1, negative energy resistance 3, inhibited
regeneration, torment resistance 2, devour on kill
a: no special abilities


You were on level 2 of the Dungeon.
You visited 1 branch of the dungeon, and saw 2 of its levels.

You collected 55 gold pieces.

Inventory:

Armour
 a - a +0 robe (worn)
Jewellery
 c - a +6 ring of dexterity
 d - a ring of ice
Scrolls
 e - 2 scrolls of identify {unknown}
 j - a scroll of fear {unknown}
 k - a scroll of enchant weapon {unknown}
Potions
 b - a potion of ambrosia
 f - a potion of flight {unknown}
 g - a potion of resistance {unknown}
 h - a potion of mutation {unknown}
 i - a potion of degeneration {unknown}


   Skills:
 - Level 3.2 Fighting
 - Level 2.6 Dodging
 - Level 2.1 Stealth
 + Level 4.8 Unarmed Combat


You had 2 spell levels left.
You didn't know any spells.
Your spell library was empty.

Dungeon Overview and Level Annotations

Branches:
Dungeon (2/15)

Altars:

Annotations:
D:2 Terence


Innate Abilities, Weirdness & Mutations

You are immune to poison.
You have sharp fingernails.
Your flesh is cold resistant. (rC+)
You are immune to negative energy. (rN+++)
You do not regenerate when monsters are visible.
You are immune to unholy pain and torment.
You thrive by killing the living.


Message History

The giant cockroach attacks as you move away!
The giant cockroach misses you. The adder bites you.
The giant cockroach bites you.
The giant cockroach attacks as you move away!
The giant cockroach barely misses you.
You closely miss the adder.
The adder is lightly wounded.
The adder bites you.
You closely miss the adder.
The adder is lightly wounded.
The adder bites you. x2
You closely miss the adder.
The adder is lightly wounded.
The adder closely misses you.
You claw the adder!
The adder is severely wounded.
The adder barely misses you.
You claw the adder!
You kill the adder!
You feel better.
You claw the giant cockroach!
You kill the giant cockroach!
You scratch Terence but do no damage. You claw Terence!
Terence is moderately wounded.
Terence barely misses you.
You scratch Terence but do no damage.
Terence is moderately wounded.
Terence hits you with a +2 flail of protection!
* * * LOW HITPOINT WARNING * * *
You closely miss Terence.
Terence is moderately wounded.
Terence closely misses you.
You closely miss Terence.
Terence is moderately wounded.
Terence barely misses you.
You scratch Terence but do no damage.
Terence is moderately wounded.
Terence hits you with a +2 flail of protection!
You die...

#...#.............##>
######...............##
.......##..............
..##................[.###
#..<...............#....
#####..............#.###
#........##..#........
#..######..##.#.....
##@@$.......
######..##....
###.@....### .
#..........#
#...........#
..............."
#####.......###.
.......... #.♣♣♣♣♣..###


You could see Terence.

Vanquished Creatures
  A gnoll (D:1)
  An adder (D:2)
  A dart slug (D:1)
  A ball python (D:1)
  A bat (D:2)
  5 endoplasms
  A giant cockroach (D:2)
  A hobgoblin (D:1)
  2 kobolds (D:1)
  A rat (D:1)
15 creatures vanquished.

Notes
Turn   | Place    | Note
-------+----------+-------------------------------------------
     0 | D:1      | cdecastro the Ghoul Monk began the quest for the Orb.
     0 | D:1      | Reached XP level 1. HP: 19/19 MP: 0/0
   245 | D:1      | Reached skill level 4 in Unarmed Combat
   245 | D:1      | Reached XP level 2. HP: 17/26 MP: 1/1
   635 | D:2      | Reached XP level 3. HP: 31/31 MP: 2/2
   651 | D:2      | Noticed Terence
   675 | D:2      | Mangled by Terence

Illustrated notes

Levels and vault maps discovered:
D:1:      lightli_arrival_quake, layout_rooms, serial_aquarium,
          aquarium_bridge_long_joined [aquarium_subvault_bridge,
          aquarium_subvault_bridge, aquarium_subvault_wall,
          aquarium_subvault_wall, aquarium_subvault_bridge,
          aquarium_subvault_window], aquarium_window_corner,
          aquarium_window_fake, aquarium_window_fake, aquarium_window_1,
          aquarium_view_2c, aquarium_balcony_3b
D:2:      layout_rooms, serial_forest, infiniplex_forest_lined_room_,
          infiniplex_forest_lined_2, infiniplex_forest_clump_cross,
          infiniplex_forest_zigzag_2, infiniplex_forest_straight_4,
          shapermc_ecumenical_altar_pompeii, basic_altar, uniq_terence

Skill      XL: |  1 |
---------------+----+-----
Unarmed Combat | 4 |  4.8
Fighting       | |  3.2
Dodging        | |  2.6
Stealth        | |  2.1

Action                   || total
-------------------------++-------
Melee: Unarmed           ||    42
       Punch             ||     3
 Stab: Sleeping          ||     2
Armor: Robe              ||     5
Dodge: Dodged            ||    23
